 Dungeon Crawl Stone Soup version 0.29-a0-821-g66395355a5 (console) character file.

Game seed: 18211565526030920218

10948 om the Slicer (level 11, -5/63 HPs)
             Began as a Vampire Enchanter on July 7, 2022.
             Was an Initiate of Gozag.
             Slain by Snorg (7 damage)
             ... on level 12 of the Dungeon.
             The game lasted 00:48:36 (12115 turns).

om the Slicer (Vampire Enchanter)                  Turns: 12115, Time: 00:48:37

Health: -5/63      AC:  6    Str:  7    XL:     11   Next: 42%
Magic:  24/24      EV: 18    Int: 19    God:    Gozag
Gold:   1973       SH:  0    Dex: 18    Spells: 8/16 levels left

rFire   . . .      SeeInvis +   a - +1 dagger (vorpal)
rCold   + + .      Faith    .   (no shield)
rNeg    + + +      Spirit   .   d - +0 robe
rPois   ∞          Reflect  .   q - +2 hat "Woehoq" {+Blink rElec Will+ rCorr}
rElec   +          Harm     .   (no cloak)
rCorr   +          Rampage  +   n - +1 pair of gloves of Foacoschu {Rampage rElec}
Will    ++...                   (no boots)
Stlth   +++++++...              (no amulet)
HPRegen 0.00/turn               f - ring of magical power
MPRegen 0.19/turn               l - +4 ring of evasion

@: bloodless, inhibited regen
A: bloodless, fangs 3, see invisible, vampiric 2
a: Bat Form, Revivify, Renounce Religion, Evoke Blink, Potion Petition, Call
Merchant, Bribe Branch


You were on level 12 of the Dungeon.
You worshipped Gozag.
Gozag was most pleased with you.
You visited 2 branches of the dungeon, and saw 12 of its levels.
You also visited: Bailey.

You collected 2406 gold pieces.
You paid 433 gold pieces to Gozag.

Inventory:

Hand Weapons
 a - a +1 vorpal dagger (weapon)
 b - a +1 sling of flaming
 x - a +2 scimitar of electrocution
 L - a +2 short sword of venom
Armour
 d - a +0 robe (worn)
 n - the +1 pair of gloves of Foacoschu (worn) {Rampage rElec}
   (You found it on level 3 of the Dungeon)

   rElec:     It insulates you from electricity.
   Rampage:   It bestows one free step when moving towards enemies.
 q - the +2 hat "Woehoq" (worn) {+Blink rElec Will+ rCorr}
   (You acquired it on level 7 of the Dungeon)

   rElec:     It insulates you from electricity.
   +Blink:    It lets you blink.
   rCorr:     It protects you from acid and corrosion.
   Will:      It increases your willpower.
 u - the +0 pair of gloves "Hero's Friend" {Regen+ rCorr}
   (You found it on level 9 of the Dungeon)

   Regen:     It increases your rate of health regeneration.
   rCorr:     It protects you from acid and corrosion.
Jewellery
 f - a ring of magical power (left hand)
 j - a ring of flight
 l - a +4 ring of evasion (right hand)
 r - a ring of resist corrosion
 H - a ring of ice
Wands
 g - a wand of iceblast (11)
 y - a wand of acid (5)
 K - a wand of charming (7)
Scrolls
 e - a scroll of amnesia
 k - 4 scrolls of fear
 s - a scroll of blinking
 v - 2 scrolls of poison {unknown}
 w - 3 scrolls of enchant weapon {unknown}
 z - a scroll of noise {unknown}
 A - a scroll of identify
 C - a scroll of magic mapping {unknown}
 D - 2 scrolls of vulnerability
 E - a scroll of torment {unknown}
 G - 4 scrolls of immolation
 J - 3 scrolls of teleportation
Potions
 c - 2 potions of invisibility
 h - 2 potions of curing
 i - a potion of brilliance
 m - 4 potions of haste
 o - a potion of mutation
 p - a potion of resistance {unknown}
 t - a potion of might
 B - 4 potions of flight
 F - a potion of degeneration {unknown}


   Skills:
 - Level 5.0 Fighting
 + Level 13.1 Short Blades
 - Level 5.0 Ranged Weapons
 - Level 2.0 Armour
 - Level 4.0 Dodging
 - Level 12.0 Stealth
 - Level 3.0 Spellcasting
 - Level 3.0 Conjurations
 - Level 5.0 Hexes
 - Level 4.0 Evocations


You had 8 spell levels left.
You knew the following spells:

 Your Spells              Type           Power      Damage    Failure   Level
a - Ensorcelled Hibernat  Hex/Ice        24%        N/A       9%          2
b - Confusing Touch       Hex            21%        N/A       6%          3
c - Dazzling Flash        Conj/Hex       36%        N/A       9%          3

Your spell library contained the following spells:

 Spells                   Type           Power      Damage    Failure   Level
 Tukima's Dance           Hex            21%        N/A       6%          3
 Sting                    Tmut/Pois      8%         1d3       16%         1
 Poisonous Vapours        Pois/Air       4%         N/A       22%         2
 Mephitic Cloud           Conj/Pois/Air  6%         N/A       30%         3
 Gell's Gravitas          Tloc           2%         N/A       41%         3
 Ignite Poison            Fire/Tmut/Pois 2%         N/A       41%         3
 Teleport Other           Tloc           2%         N/A       41%         3
 Sticky Flame             Conj/Fire      8%         2d3       63%         4
 Olgreb's Toxic Radiance  Pois           2%         N/A       83%         4
 Passage of Golubria      Tloc           2%         N/A       83%         4
 Summon Ice Beast         Ice/Summ       2%         N/A       83%         4
 Summon Mana Viper        Hex/Summ       12%        N/A       83%         5
 Yara's Violent Unravell  Hex/Tmut       6%         3d5       83%         5
 Irradiate                Conj/Tmut      4%         3d14      92%         5
 Freezing Cloud           Conj/Ice/Air   3%         6-21      95%         5
 Dispersal                Tloc           1%         N/A       100%        6
 Starburst                Conj/Fire      4%         6d3       100%        6
 Monstrous Menagerie      Summ           1%         N/A       100%        7


Dungeon Overview and Level Annotations

Branches:
Dungeon (12/15)            Temple (1/1) D:6            Lair (0/6) D:9
 Bailey (visited)
    Orc: D:9-12

Altars:
Cheibriados
Dithmenos
Fedhas
Gozag
Hepliaklqana
Kikubaaqudgha
Makhleb
Nemelex Xobeh
Okawaru
Qazlal
Ru
Sif Muna
Trog
Uskayaw
Vehumet
Wu Jian
Xom
Yredelemnul

Shops:
D:11 *

Annotations:
D:4 Dowan, Duvessa
D:5 2 transporters, blackman's ghost, weakling HuDe
D:11 1 runed translucent door, logorrheac's ghost, novice TrFi
D:12 Snorg


Innate Abilities, Weirdness & Mutations

You do not regenerate when monsters are visible.
You are frail without blood (-20% HP).
You can heal yourself when you bite living creatures.
You are immune to poison.
You have razor-sharp teeth.
You have supernaturally acute eyesight. (SInv)
You are afflicted with vampirism and can become a bat while bloodless.


Message History

The bolt of acid hits Snorg!
Snorg seems to be corroded for longer.
Snorg is moderately wounded.
Aiming: Corrosive Bolt
Press: ? - help, Shift-Dir - straight line, f/p - Snorg
Aim: Snorg (moderately wounded, berserk, confused, covered in acid, 91% to hit)
The bolt of acid hits Snorg!
Snorg seems to be corroded for longer.
Snorg is heavily wounded.
Aiming: Corrosive Bolt
Press: ? - help, Shift-Dir - straight line, f/p - Snorg
Aim: Snorg (heavily wounded, berserk, confused, covered in acid, 91% to hit)
The bolt of acid hits Snorg!
Snorg is heavily wounded.
Aiming: Corrosive Bolt
Press: ? - help, Shift-Dir - straight line, f/p - Snorg
Aim: Snorg (heavily wounded, berserk, confused, covered in acid, 91% to hit)
The bolt of acid hits Snorg!
Snorg seems to be corroded for longer.
Snorg is severely wounded.
Okay, then.
You hit Snorg.
Snorg is severely wounded.
You feel much better. Snorg barely misses you. Snorg misses you.
Snorg barely misses you. Snorg bites you!! Snorg barely misses you.
Snorg claws you!!
* * * LOW HITPOINT WARNING * * *
You hit Snorg. You bite Snorg.
You draw Snorg's blood!
You feel better.
Snorg is severely wounded.
Snorg completely misses you. Snorg barely misses you. Snorg claws you!
* * * LOW HITPOINT WARNING * * *
Okay, then. [a] - 442 gold - lignification, might and resistance [b] - 220 gold - haste [c] - 319 gold - curing and magic Purchase which effect?
You feel better. Magic courses through your body.
Snorg seems less confused.
Snorg bites you.
* * * LOW HITPOINT WARNING * * *
Snorg claws you but does no damage. Snorg barely misses you. Snorg bites you!
* * * LOW HITPOINT WARNING * * *
Snorg closely misses you. Snorg claws you!
You die...
Your body crumbles into a pile of gold.

#....# #.......# #....#
#.......# .....#
#######.....## #..###
#...........##
#.>.#########....#.......#
.................#.......#
......#######....#.......#
##.#### #.....##.....##
##)###### #.######....##
.#......####.######.####
.#..............@....#
..........≈≈≈....T...#
##.......≈≈≈≈≈.......#
#....#####≈#####....#
##....# #≈≈# #....#
.)....# ###≈# #......
......# ≈# #....##.
......# # #....# # ......#
#....# #.)##.# #....# #..#
.# ######


You could see Snorg (berserk, corroded).

Vanquished Creatures
  A boulder beetle (D:11)
  A two-headed ogre (D:12)
  Urug (D:12)
  An ugly thing (D:12)
  A manticore (D:11)
  2 cyclopes (D:12)
  Joseph (D:7)
  A troll (D:11)
  5 slime creatures
  Sigmund (D:6)
  A shadow (D:11)
  A wyvern (D:5)
  A wraith (D:12)
  7 yaks (D:11)
  2 wargs (D:9)
  2 steam dragons
  3 acid dragons
  3 water moccasins
  A black bear (D:5)
  7 orc warriors
  A sky beast (D:7)
  5 centaurs
  Blork the orc (D:4)
  3 kobold brigands
  7 bullfrogs
  A gnoll sergeant (D:8)
  A necrophage (D:4)
  2 scorpions
  A wight (D:7)
  7 howler monkeys
  3 hounds
  7 orc priests
  A gnoll bouda (D:9)
  2 iguanas (D:6)
  12 orc wizards
  Robin (D:4)
  11 gnolls
  8 adders
  A shadow imp (D:6)
  An ufetubus (D:5)
  3 worms
  A dart slug (D:1)
  25 orcs
  2 ball pythons
  4 endoplasms
  6 giant cockroaches
  13 goblins
  15 hobgoblins
  4 jackals (D:1)
  3 quokkas
  4 bats
  A frilled lizard (D:1)
  25 kobolds
  13 rats
238 creatures vanquished.

Vanquished Creatures (others)
  2 fungi (D:11)
  8 plants
10 creatures vanquished.

Grand Total: 248 creatures vanquished

Notes
Turn   | Place    | Note
-------+----------+-------------------------------------------
     0 | D:1      | om the Vampire Enchanter began the quest for the Orb.
     0 | D:1      | Reached XP level 1. HP: 13/13 MP: 3/3
   100 | D:1      | Reached skill level 2 in Short Blades
   325 | D:1      | Reached XP level 2. HP: 19/19 MP: 5/5
   590 | D:1      | Learned a level 2 spell: Ensorcelled Hibernation
   975 | D:1      | Reached skill level 3 in Short Blades
  1466 | D:2      | Gained mutation: You are afflicted with vampirism and can
                  | become a bat while bloodless. [Vampire growth]
  1466 | D:2      | Reached XP level 3. HP: 18/19 MP: 6/6
  1850 | D:3      | Identified the +1 pair of gloves of Foacoschu {Rampage
                  | rElec}
  1930 | D:3      | Found a faded altar of an unknown god.
  2197 | D:3      | Found a hazy altar of Hepliaklqana.
  2252 | D:3      | Reached skill level 4 in Short Blades
  2463 | D:3      | Got the Codex of Spores
  2678 | D:4      | Noticed Dowan
  2687 | D:4      | Learned a level 3 spell: Confusing Touch
  2701 | D:4      | Reached XP level 4. HP: 24/24 MP: 7/7
  2767 | D:4      | Noticed a kobold brigand
  2769 | D:4      | Killed a kobold brigand
  2770 | D:4      | Reached skill level 5 in Short Blades
  2943 | D:4      | Reached XP level 5. HP: 28/28 MP: 8/8
  2958 | D:4      | Reached skill level 6 in Short Blades
  3137 | D:4      | Reached XP level 6. HP: 26/32 MP: 9/9
  3215 | D:4      | Found an ancient bone altar of Kikubaaqudgha.
  3218 | D:4      | Reached skill level 7 in Short Blades
  3389 | D:4      | Identified the +0 helmet of Oteinwue {Str-2 Int+3}
  3389 | D:4      | Noticed Robin
  3398 | D:4      | Killed Robin
  3458 | D:4      | Noticed Blork the orc
  3464 | D:4      | Killed Blork the orc
  3676 | D:4      | Noticed Duvessa
  3702 | D:5      | Entered Level 5 of the Dungeon
  3806 | D:5      | Reached skill level 8 in Short Blades
  3845 | D:5      | Noticed a wyvern
  3848 | D:5      | Killed a wyvern
  3849 | D:5      | Reached skill level 5 in Stealth
  3849 | D:5      | Reached XP level 7. HP: 36/36 MP: 10/10
  4019 | D:5      | Found an ornate altar of the Wu Jian Council.
  4037 | D:5      | Reached skill level 1 in Fighting
  4037 | D:5      | Reached skill level 1 in Armour
  4160 | D:5      | Found a transporter.
  4168 | D:5      | Noticed blackman's ghost (weakling HuDe)
  4180 | D:5      | Found a hide-covered altar of Uskayaw.
  4199 | D:5      | Found a transporter.
  4441 | D:6      | Found a staircase to the Ecumenical Temple.
  4468 | Temple   | Entered the Ecumenical Temple
  4683 | Temple   | Became a worshipper of Gozag Ym Sagoz the Greedy
  4708 | D:6      | Reached XP level 8. HP: 44/44 MP: 11/11
  4831 | D:6      | Noticed Sigmund
  4835 | D:6      | Killed Sigmund
  5228 | D:6      | Reached skill level 5 in Hexes
  5536 | D:7      | Identified a scroll of acquirement
  5536 | D:7      | Acquired the +2 hat "Woehoq" {+Blink rElec Will+ rCorr}
  5765 | D:7      | Noticed Joseph
  5772 | D:7      | Reached skill level 9 in Short Blades
  5784 | D:7      | Killed Joseph
  5785 | D:7      | Reached skill level 10 in Short Blades
  5785 | D:7      | Reached XP level 9. HP: 50/50 MP: 13/13
  5823 | D:7      | Found a stormy altar of Qazlal.
  5823 | D:7      | Found a shimmering blue altar of Sif Muna.
  5851 | D:7      | Reached skill level 1 in Ranged Weapons
  6154 | D:7      | Found a flagged portal.
  6169 | Bailey   | Entered a bailey
  7921 | D:8      | Reached skill level 5 in Ranged Weapons
  8158 | D:9      | Found a staircase to the Lair.
  8306 | D:9      | Reached XP level 10. HP: 56/56 MP: 14/14
  8424 | D:9      | Reached skill level 1 in Evocations
  8704 | D:9      | Identified the +0 pair of gloves "Hero's Friend" {Regen+
                  | rCorr}
  8902 | D:9      | You fall into a shaft and drop 2 floors!
  8941 | D:11     | Found a runed translucent door.
  8944 | D:11     | Noticed a spriggan rider
  8955 | D:11     | Noticed a boulder beetle
  8962 | D:11     | Killed a boulder beetle
  8963 | D:11     | Reached skill level 11 in Short Blades
  8963 | D:11     | Reached skill level 10 in Stealth
  8966 | D:11     | Noticed a manticore
  8970 | D:11     | Killed a manticore
  8971 | D:11     | Reached skill level 5 in Fighting
  9283 | D:11     | Learned a level 3 spell: Dazzling Flash
  9510 | D:11     | Reached skill level 1 in Conjurations
  9629 | D:11     | Found Jakoezad's Assorted Antiques.
  9653 | D:11     | Reached skill level 12 in Short Blades
  9875 | D:11     | Noticed logorrheac's ghost (novice TrFi)
  9876 | D:11     | Identified the +9 trident "Pypyqish" {holy, rN+ Int+3
                  | Dex+3}
  9919 | D:12     | Noticed a cyclops
  9920 | D:12     | Killed a cyclops
  9923 | D:12     | Reached XP level 11. HP: 63/63 MP: 15/15
 10095 | D:12     | Noticed a two-headed ogre
 10105 | D:12     | Killed a two-headed ogre
 10174 | D:12     | Noticed a brown ugly thing
 11086 | D:12     | Noticed Urug
 11091 | D:12     | Killed Urug
 11775 | D:12     | Killed a brown ugly thing
 11776 | D:12     | Reached skill level 13 in Short Blades
 12090 | D:12     | Noticed Snorg
 12115 | D:12     | HP: 2/63 [Snorg (9)]
 12115 | D:12     | Slain by Snorg

Illustrated notes

Levels and vault maps discovered:
D:1:      dpeg_arrival_long_road, layout_basic, minmay_misc_feat_plants
D:2:      layout_rooms, minmay_rat_gold_closets
D:3:      layout_rooms, lemuel_crystal_altar, worldfamousw_hep_ancestral_shrine,
          shapermc_ecumenical_altar_mp_ritualfount, grunt_ministairs_6,
          st_stairs_14, hangedman_decor_points
D:4:      layout_basic, lemuel_doored_altar, kennysheep_generic_room_6,
          uniq_robin, uniq_duvessa, uniq_blork_the_orc
D:5:      layout_basic, nicolae_uskayaw_murder_on_the_dancefloor,
          nicolae_wu_jian_wuxing_cycle, gammafunk_ghost_arena
D:6:      layout_basic, minmay_temple_entry_junction_2, minivault_24,
          minmay_misc_feat_columns, grunt_decor_one_mirror, uniq_sigmund
D:7:      layout_cave_pools, jmf_multi_god_temple, enter_bailey_4, uniq_joseph
D:8:      layout_loops_corners
D:9:      layout_rooms, lemuel_coloured_pillars_altar, erik_lair_orcish_takeover
D:11:     layout_roguey, ebering_ghost_funeral_grove, serial_shops,
          nicolae_shop_overgrown_old_shop
D:12:     layout_rooms, lemuel_another_geyser, uniq_snorg, uniq_urug
Temple:   eino_narrow_crystal_temple

Skill      XL: |  1  2  3  4  5  6  7  8  9 10 11 |
---------------+----------------------------------+-----
Short Blades   | 2 3 4 5 6 8 10 12 13 | 13.1
Dodging        | 3 4 |  4.0
Stealth        | 5 6 8 9 10 12 | 12.0
Fighting       | 2 3 4 5 |  5.0
Armour         | 2 |  2.0
Spellcasting   | 3 |  3.0
Hexes          | 5 |  5.0
Ranged Weapons | 5 |  5.0
Evocations     | 4 |  4.0
Conjurations   | 2 3 |  3.0

Action                   |  1- 3 |  4- 6 |  7- 9 | 10-12 || total
-------------------------+-------+-------+-------+-------++-------
Melee: Dagger            |   137 |    73 |   263 |   204 ||   677
       Bite              |     8 |     4 |    28 |    31 ||    71
       Punch             |     2 |       |     5 |     1 ||     8
 Fire: Sling             |       |       |    46 |     1 ||    47
 Cast: Ensorcelled Hiber |    14 |    12 |    41 |    41 ||   108
       Confusing Touch   |       |     1 |       |     9 ||    10
       Dazzling Flash    |       |       |       |     2 ||     2
Invok: Potion Petition   |       |       |       |     1 ||     1
 Abil: Exsanguinate      |     1 |       |       |       ||     1
       Evoke Blink       |       |       |       |     2 ||     2
Evoke: Wand              |       |       |       |     6 ||     6
  Use: Scroll            |     5 |     3 |     7 |     1 ||    16
       Potion            |       |       |     1 |     3 ||     4
 Stab: Sleeping          |    28 |    15 |    58 |    34 ||   135
       Confused          |       |     1 |       |    11 ||    12
       Distracted        |       |       |     1 |     2 ||     3
Armor: Robe              |    34 |     5 |    23 |    30 ||    92
Dodge: Dodged            |    80 |    35 |   134 |   137 ||   386

Table legend: (Time is in decaauts)
 A = Elapsed time spent in this place.
 B = Non-inter-level travel time spent in this place.
 C = Inter-level travel time spent in this place.
 D = Time resting spent in this place.
 E = Time spent auto-exploring this place.
 F = Levels seen in this place.
 G = Mean time per level.
                   A        B        C        D        E       F      G
               +--------+--------+--------+--------+--------+-----+--------+
         Total |  11879 |  11270 |    609 |   2645 |   5945 |  13 |  913.8 |
       Dungeon |  10995 |  10427 |    568 |   2612 |   5502 |  11 |  999.5 |
        Temple |    230 |    189 |     41 |      0 |    182 |   1 |  230.0 |
        Bailey |    653 |    653 |      0 |     33 |    261 |   1 |  653.0 |
               +--------+--------+--------+--------+--------+-----+--------+

Top non-repeatable levels by time:
    D:11: 2424 daAuts
     D:8: 1253 daAuts
     D:1: 1065 daAuts
     D:4: 1025 daAuts
     D:6: 856 daAuts
     D:7: 809 daAuts
     D:3: 802 daAuts
     D:2: 765 daAuts
    D:12: 731 daAuts
     D:5: 711 daAuts
  Bailey: 653 daAuts
     D:9: 550 daAuts
  Temple: 230 daAuts
